 Dungeon Crawl Stone Soup version 0.30-a0-777-ga9a30cbeda (webtiles) character file.

Game seed: 15700788532372060832

95 sircluck the Firebug (level 4, -4/24 HPs)
             Began as a Tengu Fire Elementalist on Feb 14, 2023.
             Killed by divine providence
             ... invoked by an orc priest
              (15 damage)
             ... on level 3 of the Dungeon.
             The game lasted 00:05:46 (2174 turns).

sircluck the Firebug (Tengu Fire Elementalist)      Turns: 2174, Time: 00:05:47

Health: -4/24      AC:  2    Str:  8    XL:     4   Next: 65%
Magic:  8/8        EV: 13    Int: 17    God:
Gold:   129        SH:  0    Dex: 15    Spells: 5/8 levels left

rFire   . . .      SeeInvis .    k - +0 dagger (venom)
rCold   . . .      Faith    .    (no shield)
rNeg    . . .      Spirit   .    a - +0 robe
rPois   .          Reflect  .    (helmet restricted)
rElec   .          Harm     .    (no cloak)
rCorr   .          Rampage  .    (no gloves)
Will    .....                    (boots unavailable)
Stlth   ++                       (no amulet)
HPRegen 0.24/turn                (no ring)
MPRegen 0.11/turn                (no ring)

@: no status effects
A: beak, talons 3
a: no special abilities


You were on level 3 of the Dungeon.
You visited 1 branch of the dungeon, and saw 3 of its levels.

You collected 129 gold pieces.

Inventory:

Hand Weapons
 j - a +0 great sword
 k - a +0 dagger of venom (weapon)
Missiles
 f - 29 stones
Armour
 a - a +0 robe (worn)
Jewellery
 n - an amulet of guardian spirit
Scrolls
 c - a scroll of amnesia {unknown}
 g - a scroll of fog {unknown}
 i - 2 scrolls of identify {unknown}
Potions
 b - a potion of magic
 d - a potion of invisibility {unknown}
 e - a potion of attraction {unknown}
 h - a potion of heal wounds {unknown}
 l - 2 potions of mutation {unknown}
 m - a potion of curing {unknown}
 o - a potion of brilliance {unknown}


   Skills:
 + Level 0.8 Fighting
 + Level 1.5 Long Blades
 + Level 2.7 Dodging
 + Level 2.2 Stealth
 + Level 0.9 Unarmed Combat
 + Level 2.5 Spellcasting
 + Level 2.0 Conjurations
 + Level 4.0 Fire Magic


You had 5 spell levels left.
You knew the following spells:

 Your Spells              Type           Power      Damage    Failure   Level
a - Foxfire               Conj/Fire      48%        2x1d6     5%          1
b - Scorch                Fire           30%        2d6       5%          2

Your spell library contained the following spells:

 Spells                   Type           Power      Damage    Failure   Level
 Inner Flame              Hex/Fire       9%         N/A       24%         3
 Kindle Blastsparks       Fire/Tloc/Air  12%        2d11      32%         3
 Flame Wave               Conj/Fire      12%        2d6       47%         4
 Ozocubu's Armour         Ice            2%         N/A       50%         3
 Ozocubu's Refrigeration  Ice            1%         4d7       100%        7


Dungeon Overview and Level Annotations

Branches:
Dungeon (3/15)

Altars:


Innate Abilities, Weirdness & Mutations

You have a beak for a mouth.
You have claws for feet.


Message History

You kill the adder!
Found a stone staircase leading up.
There is a stone staircase leading up here.
You now have 129 gold pieces (gained 13).
o - a fuming yellow potion An adder comes into view.
Found a barding.
The helpless adder fails to defend itself.
You puncture the adder! You claw the adder.
You kill the adder!
Done exploring.
Done exploring.
Done exploring.
Done exploring.
There is a stone staircase leading down here.
You climb downwards.
There is a stone staircase leading up here.
As you open the door, it creaks loudly!
There is an open door here. 2 orcs and an orc priest come into view.
The orc shouts!
The orc priest shouts!
The orc closely misses you.
The orc priest casts a cantrip, but nothing happens.
The orc priest closely misses you. The orc priest closely misses you.
The orc hits you from afar with a +0 trident.
You hit the orc priest but do no damage.
The orc priest is poisoned.
You claw the orc priest.
The orc priest is moderately wounded.
The orc priest hits you with a +0 trident.
The orc closely misses you.
You hit the orc priest.
You claw the orc priest, but do no damage.
Your peck misses the orc priest.
The orc priest is moderately wounded.
The orc priest hits you from afar with a +0 trident!
The orc priest invokes the aid of Beogh against you.
Beogh smites you!
Ouch! That really hurt!
You die...

#. #### #.#### ...#
######....######. ...#
#....#...........
...#####.#.###..oo..o...
#.##...........#o#######
...#.###..####.#.#
#......#..# #.#.#
#......#..# #.#@#
####.###..# #.#.# .....#
#..####.#.# ######
#.........# ##.####.###
#.####.# #......#
########


You could see an orc priest (very poisoned) and 2 orcs.

Vanquished Creatures
  5 adders (D:2)
  A worm (D:2)
  2 dart slugs (D:1)
  2 bats (D:1)
  7 endoplasms
  A giant cockroach (D:2)
  3 goblins
  2 hobgoblins
  7 jackals
  3 kobolds
  A quokka (D:2)
  2 ball pythons
  5 frilled lizards
  2 rats (D:1)
43 creatures vanquished.

Vanquished Creatures (others)
  29 foxfires
29 creatures vanquished.

Grand Total: 72 creatures vanquished

Notes
Turn   | Place    | Note
-------+----------+-------------------------------------------
     0 | D:1      | sircluck the Tengu Fire Elementalist began the quest for
                  | the Orb.
     0 | D:1      | Reached XP level 1. HP: 10/10 MP: 4/4
   417 | D:1      | Reached XP level 2. HP: 15/15 MP: 3/6
   946 | D:1      | Reached XP level 3. HP: 20/20 MP: 7/7
  1078 | D:1      | Learned a level 2 spell: Scorch
  1346 | D:2      | Reached skill level 4 in Fire Magic
  1346 | D:2      | Reached XP level 4. HP: 16/24 MP: 1/8
  1505 | D:2      | Reached skill level 1 in Long Blades
  2174 | D:3      | Killed from afar by an orc priest

Illustrated notes

Levels and vault maps discovered:
D:1:      nagdon_arrival_zigzag_paths, layout_basic
D:2:      layout_loops_cross, minmay_between
D:3:      layout_basic, serial_shops, nicolae_shop_bloodbath_and_beyond

Skill      XL: |  1  2  3  4 |
---------------+-------------+-----
Conjurations   | 2 |  2.0
Fire Magic     | 4 |  4.0
Long Blades    | 1 |  1.5
Fighting       | |  0.8
Dodging        | |  2.7
Stealth        | |  2.2
Unarmed Combat | |  0.9
Spellcasting   | |  2.5

Action                     |  1- 3 |  4- 6 || total
---------------------------+-------+-------++-------
  Melee: Unarmed           |    55 |       ||    55
         Kick              |    16 |     6 ||    22
         Peck              |     5 |     2 ||     7
         Great sword       |    14 |       ||    14
         Dagger            |     8 |    16 ||    24
   Cast: Foxfire           |    28 |       ||    28
         Scorch            |     7 |     7 ||    14
   Stab: Sleeping          |     2 |     3 ||     5
 Armour: Robe              |    15 |     1 ||    16
  Dodge: Dodged            |    63 |    14 ||    77

Table legend: (Time is in decaauts)
 A = Elapsed time spent in this place.
 B = Non-inter-level travel time spent in this place.
 C = Inter-level travel time spent in this place.
 D = Time resting spent in this place.
 E = Time spent auto-exploring this place.
 F = Levels seen in this place.
 G = Mean time per level.
                   A        B        C        D        E       F      G
               +--------+--------+--------+--------+--------+-----+--------+
         Total |   2181 |   2155 |     26 |      0 |   1630 |   3 |  727.0 |
       Dungeon |   2181 |   2155 |     26 |      0 |   1630 |   3 |  727.0 |
               +--------+--------+--------+--------+--------+-----+--------+

Top non-repeatable levels by time:
     D:1: 1142 daAuts
     D:2: 963 daAuts
     D:3: 75 daAuts
